 Dungeon Crawl Stone Soup version 0.31-a0-1499-ge0622b2318 (webtiles) character file.

Game seed: 15814153128832427318

38 CowFu the Basher (level 3, -1/28 HPs)
             Began as a Gnoll Wanderer on Dec 30, 2023.
             Was a Follower of Zin.
             Slain by Ijyb
             ... wielding a +0 dagger
              (4 damage)
             ... on level 2 of the Dungeon.
             The game lasted 00:01:31 (993 turns).

CowFu the Basher (Gnoll Wanderer)                    Turns: 993, Time: 00:01:32

Health: -1/28      AC:  3    Str: 15    XL:     3   Next: 43%
Magic:  11/11      EV: 11    Int: 11    God:    Zin [*.....]
Gold:   55         SH:  0    Dex:  9    Spells: 15/16 levels left

rFire   . . .        a - +3 mace
rCold   . . .        (no shield)
rNeg    . . .        c - +0 leather armour
rPois   .            (no helmet)
rElec   .            (no cloak)
rCorr   .            (no gloves)
SInv    .            (no boots)
Will    .....        (no amulet)
Stlth   +            (no ring)
HPRegen 0.24/turn    (no ring)
MPRegen 0.12/turn

%: no passive effects
@: no status effects
A: fangs 1, strong nose, distributed training
a: Renounce Religion, Recite, Donate Gold


You were on level 2 of the Dungeon.
You worshipped Zin.
Zin was aware of your devotion.
You visited 1 branch of the dungeon, and saw 3 of its levels.

You collected 61 gold pieces.
You donated 6 gold pieces to Zin.

Inventory:

Hand Weapons
 a - a +3 mace (weapon)
Armour
 c - a +0 leather armour (worn)
Scrolls
 d - 3 scrolls of identify {unknown}
 e - a scroll of enchant armour {unknown}
Potions
 b - a potion of brilliance
 f - a potion of degeneration {unknown}


   Skills:
 + Level 2.6 Fighting
 + Level 0.8 Short Blades
 + Level 0.8 Long Blades
 + Level 0.8 Axes
 + Level 10.4 Maces & Flails
 + Level 0.8 Polearms
 + Level 0.8 Staves
 + Level 0.8 Ranged Weapons
 + Level 0.8 Throwing
 + Level 0.8 Armour
 + Level 2.6 Dodging
 + Level 0.8 Stealth
 + Level 0.8 Shields
 + Level 0.8 Unarmed Combat
 + Level 7.1 Spellcasting
 + Level 0.5 Conjurations
 + Level 0.5 Hexes
 + Level 0.5 Summonings
 + Level 0.5 Necromancy
 + Level 0.5 Translocations
 + Level 0.5 Fire Magic
 + Level 0.5 Ice Magic
 + Level 0.5 Air Magic
 + Level 0.5 Earth Magic
 + Level 0.5 Alchemy
 + Level 1.0 Invocations
 + Level 0.8 Evocations
 + Level 0.7 Shapeshifting


You had 15 spell levels left.
You knew the following spells:

 Your Spells              Type           Power      Damage    Failure   Level
a - Freeze                Ice            20%        1d4       17%         1

Your spell library contained the following spells:

 Spells                   Type           Power      Damage    Failure   Level
 Gell's Gravitas          Tloc           5%         N/A       45%         3
 Hailstorm                Conj/Ice       5%         3d5       45%         3
 Teleport Other           Tloc           5%         N/A       45%         3
 Dispersal                Tloc           2%         N/A       100%        6


Dungeon Overview and Level Annotations

Branches:
Dungeon (3/15)

Altars:
Zin

Annotations:
D:2 Ijyb


Innate Abilities, Weirdness & Mutations

You have very sharp teeth.
Your uncanny sense of smell can sniff out nearby items.
Your experience applies equally to all skills.


Message History

Things that are here:
a +0 club; a goblin corpse
Things that are here:
a +0 club; a rat corpse You start resting.
You are ready to recite again.
You start resting.
HP restored.
There is a stone staircase leading up here.
You climb upwards.
Level annotation: Ijyb Ijyb zaps a wand.
The puff of flame misses you.
The puff of flame misses the goblin.
The goblin hits you but does no damage. The goblin misses you.
There is a stone staircase leading down, spattered with blood here.
The goblin hits you with a +0 club. Ijyb attacks as she pursues you!
Ijyb hits you with a +0 dagger. The goblin barely misses you.
The goblin attacks as it pursues you! The goblin misses you.
The goblin hits you with a +0 dagger. The goblin attacks as it pursues you!
The goblin misses you. The goblin barely misses you.
The goblin attacks as it pursues you! The goblin barely misses you.
The goblin hits you with a +0 club.
Ijyb zaps a wand.
The puff of flame hits you!
You barely miss Ijyb. Ijyb closely misses you.
You hit Ijyb. You bite Ijyb, but do no damage.
Ijyb is lightly wounded.
Ijyb hits you with a +0 dagger.
You hit Ijyb. Your bite misses Ijyb.
Ijyb is moderately wounded.
Ijyb hits you with a +0 dagger.
* * * LOW HITPOINT WARNING * * *
You barely miss Ijyb.
Ijyb is moderately wounded.
Ijyb hits you with a +0 dagger.
* * * LOW HITPOINT WARNING * * *
You sock Ijyb!
Ijyb is almost dead.
Ijyb hits you with a +0 dagger.
You die...

...##..# .#####.#
.# #.####### ##
##...†...##
#........#>..##
#..............###
#.#8.....8#......#
. #.......#...g#.#
#8....)8#..gg#@#
#.......##.#.#g#
#8.....8#....gg#
.... ##.#.###
#.#.# ∆ ∆ ....#
##.### #. #


You could see Ijyb and 2 goblins.

Vanquished Creatures
  A ribbon worm (D:2)
  4 endoplasms
  6 goblins
  2 hobgoblins (D:1)
  2 jackals (D:1)
  A kobold (D:1)
  2 quokkas
  2 ball pythons (D:1)
  3 bats
  A frilled lizard (D:1)
  2 rats
26 creatures vanquished.

Notes
Turn   | Place    | Note
-------+----------+-------------------------------------------
     0 | D:1      | Reached skill level 10 in Maces & Flails
     0 | D:1      | CowFu the Gnoll Wanderer began the quest for the Orb.
     0 | D:1      | CowFu set off with the following items: a +3 mace, a potion
                  | of brilliance, a +0 leather armour; and the following spell
                  | memorised: Freeze; and the following spells available to
                  | memorise: Hailstorm.
     0 | D:1      | Reached XP level 1. HP: 17/17 MP: 8/8
   139 | D:1      | Reached XP level 2. HP: 19/23 MP: 10/10
   834 | D:2      | Found a faded altar of an unknown god.
   838 | D:2      | Reached XP level 3. HP: 28/28 MP: 11/11
   839 | D:2      | Prayed at the altar of an unknown god.
   839 | D:2      | Became a worshipper of Zin the Law-Giver
   839 | D:2      | Reached * piety under Zin
   859 | D:2      | Noticed Ijyb
   881 | D:3      | Reached skill level 1 in Invocations
   993 | D:2      | Slain by Ijyb

Illustrated notes

Levels and vault maps discovered:
D:1:      lightli_arrival_quake, layout_loops_ring, st_stairs_4, chequers_avenue
D:2:      kennysheep_the_goblin_king, layout_loops_cross, basic_altar,
          nicolae_ecumenical_pavilion, minmay_snake_closets, uniq_sigmund
D:3:      layout_rooms, serial_shops, shop, uniq_jessica, uniq_natasha

Skill      XL: |  1  2  3 |
---------------+----------+-----
Maces & Flails | | 10.4
Invocations    | 1 |  1.0
Fighting       | |  2.6
Short Blades   | |  0.8
Long Blades    | |  0.8
Axes           | |  0.8
Polearms       | |  0.8
Staves         | |  0.8
Ranged Weapons | |  0.8
Throwing       | |  0.8
Armour         | |  0.8
Dodging        | |  2.6
Stealth        | |  0.8
Shields        | |  0.8
Unarmed Combat | |  0.8
Spellcasting   | |  7.1
Conjurations   | |  0.5
Hexes          | |  0.5
Summonings     | |  0.5
Necromancy     | |  0.5
Translocations | |  0.5
Fire Magic     | |  0.5
Ice Magic      | |  0.5
Air Magic      | |  0.5
Earth Magic    | |  0.5
Alchemy        | |  0.5
Evocations     | |  0.8
Shapeshifting  | |  0.7

Action                     || total
---------------------------++-------
  Melee: Mace              ||    58
         Bite              ||     8
         Punch             ||     1
   Cast: Freeze            ||     2
 Invoke: Recite            ||     1
 Armour: Leather armour    ||    48
  Dodge: Dodged            ||    41

Table legend: (Time is in decaauts)
 A = Elapsed time spent in this place.
 B = Non-inter-level travel time spent in this place.
 C = Inter-level travel time spent in this place.
 D = Time resting spent in this place.
 E = Time spent auto-exploring this place.
 F = Levels seen in this place.
 G = Mean time per level.
                   A        B        C        D        E       F      G
               +--------+--------+--------+--------+--------+-----+--------+
         Total |    985 |    950 |     35 |     84 |    712 |   3 |  328.3 |
       Dungeon |    985 |    950 |     35 |     84 |    712 |   3 |  328.3 |
               +--------+--------+--------+--------+--------+-----+--------+

Top non-repeatable levels by time:
     D:1: 828 daAuts
     D:3: 100 daAuts
     D:2: 56 daAuts
